Bruins vs Hurricanes

Created - February-21-13 at 18:17

Goals
1 2 3 OT1 SO T
Bruins 0 1 1 0 0 2
Hurricanes 0 2 0 0 1 3
Shots
1 2 3 OT1 SO T
Bruins 4 7 10 2 3 23
Hurricanes 3 7 7 3 2 20

1st period

No Goal

Penalties :
Zach Bogosian (BOS) for Tripping (Minor) at 9:30, Duncan Keith (CAR) for Holding (Minor) at 11:39, Duncan Keith (CAR) for Cross-checking (Minor) at 14:00, Petteri Nokelainen (BOS) for Tripping (Minor) at 14:00, Jason Chimera (CAR) for Interference (Minor) at 19:26

2nd period

1. Hurricanes , Maxim Lapierre 4 (Daniel Winnik, Duncan Keith) at 12:47
2. Bruins , David Krejci 10 (Rich Peverley, Zdeno Chara) at 15:56 (PP)
3. Hurricanes , Anton Volchenkov 6 (Jarome Iginla, Eric Staal) at 19:44 (PP)

Penalties :
Shane OBrien (CAR) for Tripping (Minor) at 1:53, David Schlemko (BOS) for Roughing (Minor) at 6:51, Shane OBrien (CAR) for Tripping (Minor) at 15:09, Dennis Seidenberg (BOS) for High sticking (Minor) at 19:38

3rd period

4. Bruins , David Krejci 11 (David Schlemko) at 5:37

Penalties :
Evander Kane (BOS) for High sticking (Minor) at 7:37, Filip Kuba (CAR) for Hooking (Minor) at 12:50, Jason Chimera (CAR) for Hooking (Minor) at 16:56, Shane OBrien (CAR) for Interference (Minor) at 19:12

Overtime #1

No Goal

Penalties :
No Penalty

Shootout

Penalty Shot by Patrice Bergeron for Bruins - Stopped by Mike Smith
Penalty Shot by Joffrey Lupul for Hurricanes - Shot Misses the Net
Penalty Shot by Evander Kane for Bruins - Stopped by Mike Smith
Penalty Shot by Jarome Iginla for Hurricanes - Goal!
Penalty Shot by David Krejci for Bruins - Shot Misses the Net

Penalties :
No Penalty

Goalie Stats

Cam Ward (BOS), 18 saves from 20 shots - (0.900), OTL, 29-17-4, 65:00 minutes
Mike Smith (CAR), 21 saves from 23 shots - (0.913), W, 35-19-4, 65:00 minutes

Players Stats for Bruins

Player Name              G  A  P  +/- PIM S  H  SB GA TA FO     MP     PP MP  PK MP  
------------------------------------------------------------------------------------
Ales Hemsky              0  0  0   0  0   2  0  0  0  0  1/2    21:37   5:33   0:51 
Brad Marchand            0  0  0   0  0   1  3  0  0  0  1/2    19:01   4:54   2:35 
Chris Kelly              0  0  0   0  0   1  0  0  0  0  10/21  16:47   0:00   3:20 
David Krejci             2  0  2   0  0   2  0  0  0  0  14/20  22:39   5:56   2:19 
David Schlemko           0  1  1   0  2   2  0  1  0  0  0/0    20:55   6:29   2:00 
Dennis Seidenberg        0  0  0  -1  2   0  3  1  0  0  0/0    27:31   4:14   2:36 
Evander Kane             0  0  0   0  2   4  0  0  0  0  2/2    17:32   5:56   0:00 
Jacob Josefson           0  0  0   0  0   0  0  0  0  0  0/0     0:00   0:00   0:00 
Matt Hunwick             0  0  0   0  0   1  0  0  0  0  0/0    14:48   0:39   1:26 
Milan Lucic              0  0  0   0  0   0  2  0  0  0  0/0    17:17   0:39   0:00 
Nathan Horton            0  0  0   0  0   1  0  0  0  0  0/0    11:46   0:00   0:14 
Patrice Bergeron         0  0  0   0  0   3  0  0  0  0  17/28  25:34   5:33   0:24 
Paul Postma              0  0  0   0  0   1  0  0  0  0  0/0    10:13   0:46   1:24 
Petteri Nokelainen       0  0  0   0  2   0  0  0  0  0  0/0     4:53   0:00   0:00 
Rich Peverley            0  1  1   0  0   1  0  0  0  0  0/1    20:10   5:56   2:37 
Zach Bogosian            0  0  0   1  2   2  2  0  0  0  0/0    25:35   6:36   2:14 
Zach Hamill              0  0  0   0  0   0  0  0  0  0  0/0     4:54   0:00   0:00 
Zdeno Chara              0  1  1   0  0   2  2  2  0  0  0/0    30:41   4:14   2:12 

Players Stats for Hurricanes

Player Name              G  A  P  +/- PIM S  H  SB GA TA FO     MP     PP MP  PK MP  
------------------------------------------------------------------------------------
Anton Volchenkov         1  0  1   0  0   2  0  1  0  0  0/0    21:31   2:50   5:11 
Brandon McMillan         0  0  0   0  0   0  0  0  0  0  0/0     7:00   0:23   0:51 
Chad LaRose              0  0  0  -1  0   0  2  0  0  0  0/0    15:40   3:08   0:00 
Daniel Winnik            0  1  1   1  0   3  0  0  0  0  1/3    14:48   0:00   5:17 
Darroll Powe             0  0  0   0  0   0  1  0  0  0  1/4    12:40   0:00   0:00 
Duncan Keith             0  1  1   1  4   3  1  5  0  0  0/0    26:59   3:13   6:02 
Eric Staal               0  1  1   0  0   2  0  0  0  0  9/17   24:58   3:30   6:34 
Filip Kuba               0  0  0   1  2   0  1  1  0  0  0/0    27:02   2:50   5:39 
Jarome Iginla            0  1  1  -1  0   3  2  0  0  0  3/10   19:28   3:08   0:15 
Jason Chimera            0  0  0   1  4   1  0  0  0  0  0/0    12:13   2:44   0:00 
Joffrey Lupul            0  0  0   0  0   1  1  0  0  0  1/3    18:57   2:44   0:00 
Matt Greene              0  0  0   0  0   0  1  3  0  0  0/0    21:32   0:00   5:48 
Maxim Lapierre           1  0  1   1  0   1  2  0  0  0  3/10    9:31   0:00   0:00 
Patrik Elias             0  0  0  -1  0   2  0  1  0  0  11/23  22:08   2:21   5:01 
Ryan Wilson              0  0  0  -1  0   1  2  1  0  0  0/0    17:19   2:50   0:14 
Shane OBrien             0  0  0  -1  6   0  2  0  0  0  0/0    15:31   0:23   2:28 
Sheldon Brookbank        0  0  0   0  0   1  3  0  0  0  1/1    12:09   0:11   6:12 
Warren Peters            0  0  0   0  0   0  1  0  0  0  1/5     5:46   0:00   0:00 

3 Stars

1 - David Krejci (BOS)
2 - Maxim Lapierre (CAR)
3 - Anton Volchenkov (CAR)

Power Play

Bruins - 1 on 7 Attempt(s) - 14.29%
Hurricanes - 1 on 4 Attempt(s) - 25.00%

Penalty Kill

Bruins - 3 on 4 Attempt(s) - 75.00% - Score 0 goal in Penalty Kill
Hurricanes - 6 on 7 Attempt(s) - 85.71% - Score 0 goal in Penalty Kill

Official

Referees : Matt MacPherson and Francis Charron
Linesman : Greg Devorski and Brian Murphy

Game Notes

No Game Note

Finance

Level 1 -- Attendance: 6000 (100.00%) -- Ticket Income $600,000
Level 2 -- Attendance: 4837 (96.74%) -- Ticket Income $314,405
Level 3 -- Attendance: 3434 (98.11%) -- Ticket Income $154,530
Level 4 -- Attendance: 3230 (100.00%) -- Ticket Income $87,210
Luxury Box -- Attendance: 901 (90.10%) -- Ticket Income $180,200
Game was played at the PNC Arena
Total Attendance: 18402 (98.25%)
Total Ticket Income: $1,336,345
Other Income: $200,452
Total Income: $1,536,797


% Time on Ice - Bruins

Lines # - Real PCT - Wanted PCT - Time Play
Normal Forward
1 - 28% - 40% - 11:32
2 - 29% - 30% - 11:37
3 - 31% - 20% - 12:26
4 - 12% - 10% - 4:54
Normal Defense
1 - 30% - 40% - 12:00
2 - 28% - 30% - 11:32
3 - 23% - 20% - 9:27
4 - 19% - 10% - 7:30
PP Forward
1 - 48% - 60% - 5:33
2 - 52% - 40% - 5:56
PP Defense
1 - 37% - 60% - 4:14
2 - 63% - 40% - 7:15
PK Forward
1 - 86% - 60% - 5:12
2 - 14% - 40% - 0:51
PK Defense
1 - 38% - 60% - 2:17
2 - 62% - 40% - 3:46
PK3 Forward
1 - 0% - 60%
2 - 0% - 40%
PK3 Defense
1 - 0% - 60%
2 - 0% - 40%
44 Forward
1 - 60% - 60% - 4:12
2 - 40% - 40% - 2:47
44 Defense
1 - 53% - 60% - 3:43
2 - 47% - 40% - 3:16
Last Minute Offensive  - 0:00
Last Minute Defensive  - 0:00
Total
Forward - 65:00
Defense - 65:00

% Time on Ice - Hurricanes

Lines # - Real PCT - Wanted PCT - Time Play
Normal Forward
1 - 31% - 35% - 12:32
2 - 31% - 35% - 12:40
3 - 24% - 20% - 9:31
4 - 14% - 10% - 5:46
Normal Defense
1 - 32% - 35% - 13:01
2 - 33% - 35% - 13:30
3 - 29% - 15% - 11:36
4 - 6% - 15% - 2:22
PP Forward
1 - 52% - 57% - 3:08
2 - 48% - 43% - 2:55
PP Defense
1 - 53% - 50% - 3:13
2 - 47% - 50% - 2:50
PK Forward
1 - 46% - 50% - 5:17
2 - 54% - 50% - 6:12
PK Defense
1 - 61% - 50% - 6:57
2 - 39% - 50% - 4:32
PK3 Forward
1 - 21% - 50% - 0:15
2 - 79% - 50% - 0:57
PK3 Defense
1 - 21% - 50% - 0:15
2 - 79% - 50% - 0:57
44 Forward
1 - 39% - 50% - 2:14
2 - 61% - 50% - 3:33
44 Defense
1 - 61% - 50% - 3:33
2 - 39% - 50% - 2:14
Last Minute Offensive  - 0:00
Last Minute Defensive  - 0:00
Total
Forward - 65:00
Defense - 65:00

Play by Play

1st period


0:01 of 1st period - Patrik Elias wins face-off versus Patrice Bergeron in neutral zone.
0:34 of 1st period - Shot by Zach Bogosian.
0:34 of 1st period - Shot Misses the Net.
0:55 of 1st period - Off-side.
0:56 of 1st period - David Krejci wins face-off versus Joffrey Lupul in neutral zone.
1:06 of 1st period - Shot by Dennis Seidenberg.
1:06 of 1st period - Shot Misses the Net.
1:38 of 1st period - Shot by Evander Kane.
1:38 of 1st period - Shot Misses the Net.
1:59 of 1st period - Milan Lucic is hit by Shane OBrien and loses puck.
2:06 of 1st period - Shot by Matt Hunwick.
2:06 of 1st period - Stopped by Mike Smith without a rebound.
2:07 of 1st period - Sheldon Brookbank wins face-off versus Patrice Bergeron in Hurricanes zone.
2:18 of 1st period - Petteri Nokelainen is hit by Warren Peters and loses puck.
2:39 of 1st period - Off-side.
2:40 of 1st period - Chris Kelly wins face-off versus Maxim Lapierre in neutral zone.
2:42 of 1st period - Ales Hemsky is hit by Maxim Lapierre and loses puck.
3:01 of 1st period - Shot by Jason Chimera.
3:01 of 1st period - Stopped by Cam Ward without a rebound.
3:02 of 1st period - David Krejci wins face-off versus Patrik Elias in Bruins zone.
3:02 of 1st period - David Krejci is hit by Chad LaRose.
3:40 of 1st period - Jarome Iginla is hit by Zach Bogosian and loses puck.
4:17 of 1st period - Shot by Brad Marchand.
4:17 of 1st period - Stopped by Mike Smith without a rebound.
4:18 of 1st period - Chris Kelly wins face-off versus Maxim Lapierre in Hurricanes zone.
4:22 of 1st period - Chris Kelly is hit by Ryan Wilson and loses puck.
4:39 of 1st period - Shot by Milan Lucic.
4:39 of 1st period - Shot Misses the Net.
5:49 of 1st period - Off-side.
5:50 of 1st period - Evander Kane wins face-off versus Jarome Iginla in neutral zone.
6:01 of 1st period - Shot by Patrik Elias.
6:01 of 1st period - Shot Misses the Net.
6:25 of 1st period - Shot by Jarome Iginla.
6:25 of 1st period - Stopped by Cam Ward without a rebound.
6:26 of 1st period - Chris Kelly wins face-off versus Darroll Powe in Bruins zone.
6:46 of 1st period - Ales Hemsky is hit by Matt Greene and loses puck.
6:53 of 1st period - Shot by Chris Kelly.
6:53 of 1st period - Shot Misses the Net.
6:55 of 1st period - Shot by Chris Kelly.
6:55 of 1st period - Stopped by Mike Smith with a rebound.
7:35 of 1st period - Patrice Bergeron is hit by Duncan Keith and loses puck.
8:26 of 1st period - Shot by Evander Kane.
8:26 of 1st period - Shot Misses the Net.
9:21 of 1st period - Shot by Maxim Lapierre.
9:21 of 1st period - Shot Misses the Net.
9:27 of 1st period - Shot by Anton Volchenkov.
9:27 of 1st period - Shot Misses the Net.
9:30 of 1st period - Minor Penalty to Zach Bogosian for Tripping.
9:31 of 1st period - Chris Kelly wins face-off versus Joffrey Lupul in Bruins zone.
11:39 of 1st period - Minor Penalty to Duncan Keith for Holding.
11:40 of 1st period - Patrik Elias wins face-off versus Patrice Bergeron in Hurricanes zone.
11:52 of 1st period - Shot by Zdeno Chara.
11:52 of 1st period - Shot Blocked by Matt Greene.
11:54 of 1st period - Shot by Zdeno Chara.
11:54 of 1st period - Shot Misses the Net.
12:08 of 1st period - Shane OBrien is hit by Brad Marchand and loses puck.
14:00 of 1st period - Minor Penalty to Duncan Keith for Cross-checking.
14:00 of 1st period - Minor Penalty to Petteri Nokelainen for Tripping.
14:01 of 1st period - Patrice Bergeron wins face-off versus Jarome Iginla in Hurricanes zone.
14:50 of 1st period - Shot by Ales Hemsky.
14:50 of 1st period - Deflect By David Krejci.
14:50 of 1st period - Shot Blocked by Filip Kuba.
14:52 of 1st period - Shot by Ales Hemsky.
14:52 of 1st period - Stopped by Mike Smith without a rebound.
14:53 of 1st period - Patrik Elias wins face-off versus Chris Kelly in Hurricanes zone.
15:20 of 1st period - Patrik Elias is hit by Milan Lucic and loses puck.
15:41 of 1st period - Icing by Matt Hunwick.
15:42 of 1st period - David Krejci wins face-off versus Jarome Iginla in Bruins zone.
16:12 of 1st period - Shot by Daniel Winnik.
16:12 of 1st period - Stopped by Cam Ward without a rebound.
16:13 of 1st period - David Krejci wins face-off versus Warren Peters in Bruins zone.
17:50 of 1st period - Shot by Patrice Bergeron.
17:50 of 1st period - Shot Blocked by Duncan Keith.
18:33 of 1st period - Icing by Matt Hunwick.
18:34 of 1st period - Patrik Elias wins face-off versus Chris Kelly in Bruins zone.
18:34 of 1st period - Shane OBrien is hit by Zdeno Chara and loses puck.
19:26 of 1st period - Minor Penalty to Jason Chimera for Interference.
19:27 of 1st period - Patrik Elias wins face-off versus David Krejci in Hurricanes zone.

2nd period


0:01 of 2nd period - Patrice Bergeron wins face-off versus Patrik Elias in neutral zone.
1:53 of 2nd period - Minor Penalty to Shane OBrien for Tripping.
1:54 of 2nd period - David Krejci wins face-off versus Eric Staal in Hurricanes zone.
1:55 of 2nd period - Shot by Zach Bogosian.
1:55 of 2nd period - Stopped by Mike Smith without a rebound.
1:56 of 2nd period - David Krejci wins face-off versus Eric Staal in Hurricanes zone.
2:21 of 2nd period - Shot by Evander Kane.
2:21 of 2nd period - Shot Blocked by Matt Greene.
2:23 of 2nd period - Shot by Zach Bogosian.
2:23 of 2nd period - Stopped by Mike Smith without a rebound.
2:24 of 2nd period - Daniel Winnik wins face-off versus Patrice Bergeron in Hurricanes zone.
2:57 of 2nd period - Off-side.
2:58 of 2nd period - David Krejci wins face-off versus Patrik Elias in neutral zone.
3:27 of 2nd period - Icing by David Schlemko.
3:28 of 2nd period - David Krejci wins face-off versus Patrik Elias in Bruins zone.
3:42 of 2nd period - Shot by Zach Bogosian.
3:42 of 2nd period - Shot Blocked by Duncan Keith.
3:53 of 2nd period - Icing by Evander Kane.
3:54 of 2nd period - Chris Kelly wins face-off versus Warren Peters in Bruins zone.
4:15 of 2nd period - Shot by Sheldon Brookbank.
4:15 of 2nd period - Shot Misses the Net.
4:22 of 2nd period - Icing by Zdeno Chara.
4:23 of 2nd period - Chris Kelly wins face-off versus Patrik Elias in Bruins zone.
6:02 of 2nd period - Eric Staal is hit by Brad Marchand and loses puck.
6:38 of 2nd period - Shot by Patrice Bergeron.
6:38 of 2nd period - Shot Blocked by Ryan Wilson.
6:51 of 2nd period - Minor Penalty to David Schlemko for Roughing.
6:52 of 2nd period - Jarome Iginla wins face-off versus David Krejci in Bruins zone.
7:25 of 2nd period - Rich Peverley is hit by Jarome Iginla and loses puck.
8:12 of 2nd period - Shot by Anton Volchenkov.
8:12 of 2nd period - Stopped by Cam Ward with a rebound.
8:32 of 2nd period - Shot by Duncan Keith.
8:32 of 2nd period - Stopped by Cam Ward without a rebound.
8:33 of 2nd period - Eric Staal wins face-off versus Chris Kelly in Bruins zone.
8:36 of 2nd period - Shot by Eric Staal.
8:36 of 2nd period - Stopped by Cam Ward with a rebound.
8:52 of 2nd period - Shot by Sheldon Brookbank.
8:52 of 2nd period - Shot Blocked by David Schlemko.
8:54 of 2nd period - Shot by Brandon McMillan.
8:54 of 2nd period - Shot Misses the Net.
9:12 of 2nd period - Shot by Sheldon Brookbank.
9:12 of 2nd period - Stopped by Cam Ward with a rebound.
9:16 of 2nd period - Shot by Brandon McMillan.
9:16 of 2nd period - Shot Misses the Net.
9:18 of 2nd period - Shot by Matt Greene.
9:18 of 2nd period - Shot Blocked by Dennis Seidenberg.
9:25 of 2nd period - Icing by David Schlemko.
9:26 of 2nd period - Maxim Lapierre wins face-off versus Patrice Bergeron in Bruins zone.
10:08 of 2nd period - Icing by Filip Kuba.
10:09 of 2nd period - David Krejci wins face-off versus Maxim Lapierre in Hurricanes zone.
10:36 of 2nd period - Shot by Evander Kane.
10:36 of 2nd period - Stopped by Mike Smith without a rebound.
10:37 of 2nd period - Chris Kelly wins face-off versus Patrik Elias in Hurricanes zone.
11:25 of 2nd period - Patrik Elias is hit by Dennis Seidenberg and loses puck.
11:42 of 2nd period - Shot by Rich Peverley.
11:42 of 2nd period - Deflect By Evander Kane.
11:42 of 2nd period - Stopped by Mike Smith with a rebound.
11:44 of 2nd period - Shot by Paul Postma.
11:44 of 2nd period - Stopped by Mike Smith without a rebound.
11:45 of 2nd period - Patrice Bergeron wins face-off versus Eric Staal in Hurricanes zone.
11:56 of 2nd period - Shot by Nathan Horton.
11:56 of 2nd period - Shot Blocked by Matt Greene.
12:02 of 2nd period - Shot by Brad Marchand.
12:02 of 2nd period - Deflect By Nathan Horton.
12:02 of 2nd period - Shot Misses the Net.
12:45 of 2nd period - Shot by Daniel Winnik.
12:45 of 2nd period - Shot Misses the Net.
12:47 of 2nd period - Shot by Maxim Lapierre.
12:47 of 2nd period - Goal by Maxim Lapierre - Bruins : 0 - Hurricanes : 1.
12:48 of 2nd period - Chris Kelly wins face-off versus Warren Peters in neutral zone.
13:14 of 2nd period - Dennis Seidenberg is hit by Sheldon Brookbank and loses puck.
13:46 of 2nd period - Off-side.
13:47 of 2nd period - Patrice Bergeron wins face-off versus Patrik Elias in neutral zone.
15:09 of 2nd period - Minor Penalty to Shane OBrien for Tripping.
15:10 of 2nd period - Eric Staal wins face-off versus Patrice Bergeron in Hurricanes zone.
15:17 of 2nd period - Ales Hemsky is hit by Sheldon Brookbank and loses puck.
15:52 of 2nd period - Shot by Zdeno Chara.
15:52 of 2nd period - Shot Misses the Net.
15:54 of 2nd period - Shot by Rich Peverley.
15:54 of 2nd period - Shot Blocked by Duncan Keith.
15:56 of 2nd period - Shot by David Krejci.
15:56 of 2nd period - Goal by David Krejci - Bruins : 1 - Hurricanes : 1.
15:57 of 2nd period - Ales Hemsky wins face-off versus Daniel Winnik in neutral zone.
16:50 of 2nd period - Icing by Zdeno Chara.
16:51 of 2nd period - Jarome Iginla wins face-off versus Chris Kelly in Bruins zone.
17:07 of 2nd period - Off-side.
17:08 of 2nd period - Eric Staal wins face-off versus Patrice Bergeron in neutral zone.
17:19 of 2nd period - Shot by Patrice Bergeron.
17:19 of 2nd period - Shot Blocked by Duncan Keith.
17:21 of 2nd period - Shot by Patrice Bergeron.
17:21 of 2nd period - Shot Misses the Net.
18:19 of 2nd period - Shot by Rich Peverley.
18:19 of 2nd period - Stopped by Mike Smith without a rebound.
18:20 of 2nd period - Maxim Lapierre wins face-off versus David Krejci in Hurricanes zone.
18:41 of 2nd period - Shot by Jason Chimera.
18:41 of 2nd period - Deflect By Daniel Winnik.
18:41 of 2nd period - Stopped by Cam Ward with a rebound.
19:23 of 2nd period - Off-side.
19:24 of 2nd period - Darroll Powe wins face-off versus Chris Kelly in neutral zone.
19:24 of 2nd period - Joffrey Lupul is hit by Milan Lucic and loses puck.
19:36 of 2nd period - Eric Staal is hit by Dennis Seidenberg and loses puck.
19:38 of 2nd period - Minor Penalty to Dennis Seidenberg for High sticking.
19:39 of 2nd period - Eric Staal wins face-off versus Chris Kelly in Bruins zone.
19:44 of 2nd period - Shot by Anton Volchenkov.
19:44 of 2nd period - Goal by Anton Volchenkov - Bruins : 1 - Hurricanes : 2.
19:45 of 2nd period - Patrice Bergeron wins face-off versus Darroll Powe in neutral zone.
19:45 of 2nd period - Nathan Horton is hit by Darroll Powe and loses puck.

3rd period


0:01 of 3rd period - Joffrey Lupul wins face-off versus Brad Marchand in neutral zone.
0:09 of 3rd period - Eric Staal is hit by Zach Bogosian and loses puck.
0:18 of 3rd period - Shot by Nathan Horton.
0:18 of 3rd period - Shot Blocked by Anton Volchenkov.
0:20 of 3rd period - Shot by Nathan Horton.
0:20 of 3rd period - Shot Misses the Net.
0:43 of 3rd period - Icing by Zach Bogosian.
0:44 of 3rd period - Patrice Bergeron wins face-off versus Patrik Elias in Bruins zone.
1:06 of 3rd period - Rich Peverley is hit by Filip Kuba and loses puck.
1:25 of 3rd period - Shot by Evander Kane.
1:25 of 3rd period - Stopped by Mike Smith without a rebound.
1:26 of 3rd period - Chris Kelly wins face-off versus Maxim Lapierre in Hurricanes zone.
2:36 of 3rd period - Shot by Eric Staal.
2:36 of 3rd period - Deflect By Joffrey Lupul.
2:36 of 3rd period - Shot Blocked by Zdeno Chara.
2:58 of 3rd period - Zdeno Chara is hit by Joffrey Lupul and loses puck.
3:24 of 3rd period - Shot by Jarome Iginla.
3:24 of 3rd period - Stopped by Cam Ward without a rebound.
3:25 of 3rd period - Brad Marchand wins face-off versus Warren Peters in Bruins zone.
3:25 of 3rd period - Brad Marchand is hit by Sheldon Brookbank.
3:38 of 3rd period - Shot by Patrice Bergeron.
3:38 of 3rd period - Shot Misses the Net.
3:58 of 3rd period - Shot by Brad Marchand.
3:58 of 3rd period - Shot Misses the Net.
4:00 of 3rd period - Shot by Patrice Bergeron.
4:00 of 3rd period - Stopped by Mike Smith with a rebound.
4:36 of 3rd period - Shot by Milan Lucic.
4:36 of 3rd period - Shot Misses the Net.
5:37 of 3rd period - Shot by David Krejci.
5:37 of 3rd period - Goal by David Krejci - Bruins : 2 - Hurricanes : 2.
5:38 of 3rd period - Eric Staal wins face-off versus Chris Kelly in neutral zone.
5:51 of 3rd period - Icing by Matt Greene.
5:52 of 3rd period - David Krejci wins face-off versus Eric Staal in Hurricanes zone.
6:06 of 3rd period - Icing by Darroll Powe.
6:07 of 3rd period - Eric Staal wins face-off versus Chris Kelly in Hurricanes zone.
6:11 of 3rd period - Joffrey Lupul is hit by Zdeno Chara and loses puck.
6:36 of 3rd period - Shot by Eric Staal.
6:36 of 3rd period - Stopped by Cam Ward without a rebound.
6:37 of 3rd period - Maxim Lapierre wins face-off versus Patrice Bergeron in Bruins zone.
6:37 of 3rd period - Duncan Keith is hit by Dennis Seidenberg and loses puck.
6:45 of 3rd period - Icing by Filip Kuba.
6:46 of 3rd period - Patrice Bergeron wins face-off versus Maxim Lapierre in Hurricanes zone.
6:51 of 3rd period - Shot by Brad Marchand.
6:51 of 3rd period - Shot Misses the Net.
6:58 of 3rd period - Icing by Filip Kuba.
6:59 of 3rd period - Evander Kane wins face-off versus Maxim Lapierre in Hurricanes zone.
7:37 of 3rd period - Minor Penalty to Evander Kane for High sticking.
7:38 of 3rd period - Eric Staal wins face-off versus Chris Kelly in Bruins zone.
7:58 of 3rd period - Shot by Ryan Wilson.
7:58 of 3rd period - Stopped by Cam Ward with a rebound.
8:00 of 3rd period - Shot by Duncan Keith.
8:00 of 3rd period - Stopped by Cam Ward without a rebound.
8:01 of 3rd period - Patrik Elias wins face-off versus Chris Kelly in Bruins zone.
9:14 of 3rd period - Shot by Duncan Keith.
9:14 of 3rd period - Shot Blocked by Zdeno Chara.
9:16 of 3rd period - Shot by Duncan Keith.
9:16 of 3rd period - Stopped by Cam Ward with a rebound.
9:28 of 3rd period - Shot by Eric Staal.
9:28 of 3rd period - Shot Misses the Net.
10:28 of 3rd period - David Schlemko is hit by Shane OBrien and loses puck.
10:39 of 3rd period - Shot by Daniel Winnik.
10:39 of 3rd period - Stopped by Cam Ward without a rebound.
10:40 of 3rd period - David Krejci wins face-off versus Eric Staal in Bruins zone.
11:15 of 3rd period - Icing by Duncan Keith.
11:16 of 3rd period - Chris Kelly wins face-off versus Eric Staal in Hurricanes zone.
11:42 of 3rd period - Chris Kelly is hit by Ryan Wilson and loses puck.
11:51 of 3rd period - Chris Kelly is hit by Chad LaRose.
12:19 of 3rd period - Shot by Chad LaRose.
12:19 of 3rd period - Shot Misses the Net.
12:22 of 3rd period - Icing by Dennis Seidenberg.
12:23 of 3rd period - Patrice Bergeron wins face-off versus Maxim Lapierre in Bruins zone.
12:23 of 3rd period - Patrice Bergeron is hit by Maxim Lapierre.
12:35 of 3rd period - Shot by Nathan Horton.
12:35 of 3rd period - Stopped by Mike Smith without a rebound.
12:36 of 3rd period - Warren Peters wins face-off versus Rich Peverley in Hurricanes zone.
12:50 of 3rd period - Minor Penalty to Filip Kuba for Hooking.
12:51 of 3rd period - Patrice Bergeron wins face-off versus Patrik Elias in Hurricanes zone.
13:13 of 3rd period - Icing by Brad Marchand.
13:14 of 3rd period - Patrice Bergeron wins face-off versus Patrik Elias in Bruins zone.
13:21 of 3rd period - Shot by Brad Marchand.
13:21 of 3rd period - Shot Misses the Net.
13:23 of 3rd period - Shot by David Schlemko.
13:23 of 3rd period - Stopped by Mike Smith without a rebound.
13:24 of 3rd period - Eric Staal wins face-off versus David Krejci in Hurricanes zone.
13:55 of 3rd period - Shot by Dennis Seidenberg.
13:55 of 3rd period - Shot Blocked by Duncan Keith.
14:26 of 3rd period - Shot by Ales Hemsky.
14:26 of 3rd period - Stopped by Mike Smith with a rebound.
14:30 of 3rd period - Shot by Patrice Bergeron.
14:30 of 3rd period - Shot Misses the Net.
14:32 of 3rd period - Shot by David Schlemko.
14:32 of 3rd period - Stopped by Mike Smith without a rebound.
14:33 of 3rd period - Patrik Elias wins face-off versus Patrice Bergeron in Hurricanes zone.
14:51 of 3rd period - Icing by Daniel Winnik.
14:52 of 3rd period - Patrik Elias wins face-off versus Chris Kelly in Hurricanes zone.
15:21 of 3rd period - Shot by Patrik Elias.
15:21 of 3rd period - Stopped by Cam Ward without a rebound.
15:22 of 3rd period - Patrice Bergeron wins face-off versus Darroll Powe in Bruins zone.
16:10 of 3rd period - Darroll Powe is hit by Brad Marchand and loses puck.
16:41 of 3rd period - Shot by David Krejci.
16:41 of 3rd period - Shot Misses the Net.
16:56 of 3rd period - Minor Penalty to Jason Chimera for Hooking.
16:57 of 3rd period - Patrice Bergeron wins face-off versus Daniel Winnik in Hurricanes zone.
17:00 of 3rd period - Shot by Brad Marchand.
17:00 of 3rd period - Shot Misses the Net.
17:02 of 3rd period - Shot by Brad Marchand.
17:02 of 3rd period - Shot Blocked by Patrik Elias.
17:18 of 3rd period - Shot by Patrice Bergeron.
17:18 of 3rd period - Stopped by Mike Smith with a rebound.
17:20 of 3rd period - Shot by Dennis Seidenberg.
17:20 of 3rd period - Shot Misses the Net.
17:32 of 3rd period - Icing by Patrice Bergeron.
17:33 of 3rd period - Eric Staal wins face-off versus Patrice Bergeron in Bruins zone.
18:08 of 3rd period - Shot by Evander Kane.
18:08 of 3rd period - Stopped by Mike Smith without a rebound.
18:09 of 3rd period - Patrik Elias wins face-off versus David Krejci in Hurricanes zone.
19:12 of 3rd period - Minor Penalty to Shane OBrien for Interference.
19:13 of 3rd period - Patrice Bergeron wins face-off versus Patrik Elias in Hurricanes zone.
19:16 of 3rd period - Shot by Ales Hemsky.
19:16 of 3rd period - Shot Misses the Net.
19:18 of 3rd period - Shot by Patrice Bergeron.
19:18 of 3rd period - Shot Misses the Net.
19:20 of 3rd period - Shot by Zdeno Chara.
19:20 of 3rd period - Stopped by Mike Smith without a rebound.
19:21 of 3rd period - David Krejci wins face-off versus Eric Staal in Hurricanes zone.

Overtime #1


0:01 of 1st overtime period - Jarome Iginla wins face-off versus Patrice Bergeron in neutral zone.
0:11 of 1st overtime period - Icing by Zdeno Chara.
0:12 of 1st overtime period - Patrice Bergeron wins face-off versus Eric Staal in Bruins zone.
0:25 of 1st overtime period - Shot by Patrice Bergeron.
0:25 of 1st overtime period - Stopped by Mike Smith without a rebound.
0:26 of 1st overtime period - Patrice Bergeron wins face-off versus Jarome Iginla in Hurricanes zone.
1:16 of 1st overtime period - Icing by David Krejci.
1:17 of 1st overtime period - David Krejci wins face-off versus Jarome Iginla in Bruins zone.
1:24 of 1st overtime period - Icing by Filip Kuba.
1:25 of 1st overtime period - Patrice Bergeron wins face-off versus Jarome Iginla in Hurricanes zone.
1:58 of 1st overtime period - Shot by Jarome Iginla.
1:58 of 1st overtime period - Deflect By Joffrey Lupul.
1:58 of 1st overtime period - Stopped by Cam Ward with a rebound.
2:00 of 1st overtime period - Shot by Jarome Iginla.
2:00 of 1st overtime period - Stopped by Cam Ward without a rebound.
2:01 of 1st overtime period - Patrik Elias wins face-off versus David Krejci in Bruins zone.
2:24 of 1st overtime period - Icing by Ales Hemsky.
2:25 of 1st overtime period - David Krejci wins face-off versus Jarome Iginla in Bruins zone.
3:28 of 1st overtime period - Shot by Milan Lucic.
3:28 of 1st overtime period - Shot Misses the Net.
3:30 of 1st overtime period - Shot by Zdeno Chara.
3:30 of 1st overtime period - Stopped by Mike Smith without a rebound.
3:31 of 1st overtime period - Patrice Bergeron wins face-off versus Patrik Elias in Hurricanes zone.
3:50 of 1st overtime period - Shot by Patrik Elias.
3:50 of 1st overtime period - Stopped by Cam Ward without a rebound.
3:51 of 1st overtime period - Patrik Elias wins face-off versus Ales Hemsky in Bruins zone.
4:45 of 1st overtime period - Zdeno Chara is hit by Jarome Iginla and loses puck.

ShootOut


5:00 of 1st overtime period - Penalty Shot by Patrice Bergeron for Bruins.
5:00 of 1st overtime period - Stopped by Mike Smith.
5:00 of 1st overtime period - Penalty Shot by Joffrey Lupul for Hurricanes.
5:00 of 1st overtime period - Shot Misses the Net.
5:00 of 1st overtime period - Penalty Shot by Evander Kane for Bruins.
5:00 of 1st overtime period - Stopped by Mike Smith.
5:00 of 1st overtime period - Penalty Shot by Jarome Iginla for Hurricanes.
5:00 of 1st overtime period - Goal by Jarome Iginla.
5:00 of 1st overtime period - Penalty Shot by David Krejci for Bruins.
5:00 of 1st overtime period - Shot Misses the Net.


Output by the SimonT Hockey Simulator (STHS) for Stephane Roy -- Original Page W3C XHTML 1.0 Valid
Hockey Simulator - Hockey Simulation - Hockey Manager